 Dungeon Crawl Stone Soup version 0.30-a0-702-gdf48620a09 (webtiles) character file.

Game seed: 1639883111889150842

6857 KennySheep the Thaumaturge (level 10, -6/50 HPs)
             Began as a Deep Elf Conjurer on Jan 22, 2023.
             Was a Priest of Sif Muna.
             Shot with an arrow by a centaur warrior (27 damage)
             ... on level 10 of the Dungeon.
             The game lasted 00:33:54 (13081 turns).

KennySheep the Thaumaturge (Deep Elf Conjurer)     Turns: 13081, Time: 00:33:55

Health: -6/50      AC:  6    Str:  4    XL:     10   Next: 78%
Magic:  21/25      EV: 11    Int: 28    God:    Sif Muna [***...]
Gold:   471        SH:  9    Dex: 13    Spells: 12/28 levels left

rFire   . . .      SeeInvis .    y - +2 dagger (venom)
rCold   . . .      Faith    .    h - +0 kite shield
rNeg    . . .      Spirit   .    z - +1 robe {Will+}
rPois   .          Reflect  .    (no helmet)
rElec   .          Harm     .    O - +2 cloak
rCorr   .          Rampage  .    (no gloves)
Will    ++...                    (no boots)
Stlth   ++                       (no amulet)
HPRegen 0.28/turn                (no ring)
MPRegen 0.19/turn                (no ring)

@: radiating poison
A: no striking features
a: Renounce Religion, Channel Magic, Forget Spell


You were on level 10 of the Dungeon.
You worshipped Sif Muna.
Sif Muna was most pleased with you.
You visited 2 branches of the dungeon, and saw 11 of its levels.
You also visited: Ossuary.

You collected 531 gold pieces.
You spent 60 gold pieces at shops.

Inventory:

Hand Weapons
 c - a +0 short sword
 f - a +1 short sword of electrocution
 y - a +2 dagger of venom (weapon)
Armour
 a - a +0 robe
 h - a +0 kite shield (worn)
 x - the +3 ring mail of the Archfiend {Str+3}
   (You found it on level 5 of the Dungeon)

   Str:       It affects your strength (+3).
 z - a +1 robe of willpower (worn)
 O - a +2 cloak (worn)
Jewellery
 j - an amulet of reflection
 r - an amulet of regeneration
 N - a ring of magical power
Wands
 i - a wand of polymorph (5)
 C - a wand of flame (11)
 F - a wand of charming (7)
 G - a wand of roots (11)
Scrolls
 e - a scroll of poison
 l - a scroll of butterflies
 m - 5 scrolls of teleportation
 n - a scroll of fear
 v - 2 scrolls of fog
 w - 3 scrolls of enchant weapon
 B - 3 scrolls of immolation
 D - 5 scrolls of noise
 E - 2 scrolls of amnesia
 H - a scroll of vulnerability
 I - 3 scrolls of identify
 J - a scroll of blinking
 K - 2 scrolls of enchant armour
Potions
 b - 2 potions of magic
 d - a potion of mutation
 g - a potion of attraction
 k - 3 potions of haste
 o - 6 potions of heal wounds
 p - 2 potions of cancellation
 q - 5 potions of lignification
 s - a potion of brilliance
 t - a potion of resistance
 u - 5 potions of curing
 A - 2 potions of berserk rage
 L - a potion of flight
 M - a potion of degeneration


   Skills:
 - Level 2.4 Dodging
 - Level 2.4 Stealth
 + Level 5.7 Shields
 + Level 9.9 Spellcasting
 - Level 7.5 Conjurations
 - Level 9.0 Hexes
 * Level 8.0 Poison Magic
 + Level 6.9 Invocations


You had 12 spell levels left.
You knew the following spells:

 Your Spells              Type           Power      Damage    Failure   Level
a - Magic Dart            Conj           100%       1d8       1%          1
b - Searing Ray           Conj           100%       2d8       1%          2
c - Mephitic Cloud        Conj/Pois/Air  43%        N/A       3%          3
d - Fulminant Prism       Conj/Hex       28%        3d14      3%          4
e - Blink                 Tloc           26%        N/A       17%         2
f - Olgreb's Toxic Radia  Pois           56%        N/A       4%          4

Your spell library contained the following spells:

 Spells                   Type           Power      Damage    Failure   Level
 Sting                    Tmut/Pois      100%       1d8       1%          1
 Dazzling Flash           Conj/Hex       100%       N/A       1%          3
 Momentum Strike          Conj/Tloc      68%        3d9       3%          2
 Poisonous Vapours        Pois/Air       72%        N/A       3%          2
 Cigotuvi's Dreadful Rot  Necr/Pois/Air  56%        N/A       5%          2
 Apportation              Tloc           26%        N/A       11%         1
 Necrotise                Necr           52%        1d6       11%         1
 Summon Small Mammal      Summ           52%        N/A       11%         1
 Call Imp                 Summ           13%        N/A       17%         2
 Lesser Beckoning         Tloc           26%        N/A       17%         2
 Iskenderun's Mystic Bla  Conj/Tloc      34%        2d8       24%         4
 Manifold Assault         Tloc           13%        N/A       73%         4
 Dispersal                Tloc           6%         N/A       100%        6
 Disjunction              Tloc           6%         N/A       100%        8


Dungeon Overview and Level Annotations

Branches:
Dungeon (10/15)            Temple (1/1) D:5            Lair (0/5) D:10
Ossuary (visited)
    Orc: D:9-12

Altars:
Ashenzari
Cheibriados
Dithmenos
Elyvilon
Fedhas
Gozag
Hepliaklqana
Kikubaaqudgha
Makhleb
Nemelex Xobeh
Okawaru
Qazlal
Ru
Sif Muna
Trog
Uskayaw
Vehumet
Wu Jian
Xom
Yredelemnul
Zin
The Shining One

Shops:
D:8 !


Message History

Partly explored, can't reach some places.
Partly explored, can't reach some places.
Partly explored, can't reach some places.
Partly explored, can't reach some places.
There is a stone staircase leading up here.
There is a stone staircase leading down here.
You climb downwards.
The centaur warrior shouts!
Found 9 stones and 5 gold pieces.
Found a stone staircase leading up.
There is a stone staircase leading up here.
Casting: Olgreb's Toxic Radiance (dangerous; 4% risk of failure)
Confirm with . or Enter, or press ? or * to list all spells.
Okay, then.
A wyvern and a black bear come into view.
Found a robe.
Found a staircase to the Lair.
The centaur warrior wields a +0 shortbow.
The centaur warrior shoots an arrow.
The arrow hits you!
A yak comes into view.
A black bear comes into view.
The black bear growls angrily.
Casting: Olgreb's Toxic Radiance (dangerous; 4% risk of failure)
Confirm with . or Enter, or press ? or * to list all spells.
Aiming: Mephitic Cloud (dangerous; 3% risk of failure)
Press: ? - help, Shift-Dir - straight line
Okay, then.
You hear an angry hiss.
You hear an angry growl.
There is a stone staircase leading up here.
Casting: Mephitic Cloud (dangerous; 3% risk of failure)
Confirm with . or Enter, or press ? or * to list all spells.
You can't see any susceptible monsters within range! (Use Z to cast anyway.)
Casting: Mephitic Cloud (dangerous; 3% risk of failure)
Confirm with . or Enter, or press ? or * to list all spells.
Okay, then.
You begin to radiate toxic energy.
The black bear is poisoned.
The centaur warrior is poisoned.
The black bear looks even sicker.
The centaur warrior looks even sicker.
The centaur warrior shoots an arrow.
The arrow hits you!
The centaur warrior shoots an arrow.
You block the arrow.
The centaur warrior looks even sicker.
The centaur warrior shoots an arrow.
The arrow hits you!!
Ouch! That really hurt!
You die...

h... >... #
.Y... #. .....
#.. .....[
.##...####..h..#
.......@.....c..
.##.(...........
##.$..........
##..<..#.....
####### ####


You could see a centaur warrior (very poisoned) and a black bear (very
poisoned).

Vanquished Creatures
  Erolcha (D:9)
  A two-headed ogre (D:9)
  A tarantella (shapeshifter) (D:8)
  3 slime creatures (D:8)
  A wraith (D:9)
  A yak (D:9)
  A steam dragon (D:9)
  A water moccasin (D:8)
  A sky beast (D:6)
  An ice beast (D:6)
  2 black bears
  4 centaurs
  3 phantoms
  7 kobold brigands
  4 elf zombies (Ossuary)
  A bullfrog (D:6)
  A gnoll sergeant (D:9)
  2 necrophages
  2 wyvern zombies (D:7)
  3 scorpions (D:6)
  14 wights (D:7)
  2 howler monkeys
  8 centaur zombies
  4 bullfrog zombies (D:7)
  5 hounds
  4 jellies
  2 orc priests
  4 human zombies (Ossuary)
  Jessica (D:3)
  Terence (D:2)
  An iguana (D:6)
  5 orc wizards
  3 killer bee zombies (D:7)
  4 mummies
  Robin (D:2)
  4 howler monkey zombies (D:7)
  3 gnolls (D:9)
  2 adders (D:2)
  3 shadow imps
  A white imp (D:7)
  3 ufetubi
  3 dart slugs
  33 orcs
  14 endoplasms
  5 giant cockroaches
  6 hobgoblins
  6 jackals
  4 quokkas
  10 ball pythons
  6 bats
  3 frilled lizards
  20 goblins
  2 hobgoblin zombies (D:8)
  20 kobolds
  7 rats
  A rat zombie (D:8)
  2 toadstools (D:8)
258 creatures vanquished.

Vanquished Creatures (others)
  59 fulminant prisms
  12 fungi
  10 plants
  3 toadstools (D:8)
  5 withered plants (D:7)
89 creatures vanquished.

Grand Total: 347 creatures vanquished

Notes
Turn   | Place    | Note
-------+----------+-------------------------------------------
     0 | D:1      | KennySheep the Deep Elf Conjurer began the quest for the
                  | Orb.
     0 | D:1      | Reached XP level 1. HP: 10/10 MP: 6/6
   327 | D:1      | Reached skill level 1 in Hexes
   332 | D:1      | Reached XP level 2. HP: 15/15 MP: 1/8
  1025 | D:1      | Reached XP level 3. HP: 19/19 MP: 7/9
  1417 | D:2      | Noticed Robin
  1428 | D:1      | Learned a level 2 spell: Searing Ray
  1630 | D:2      | Killed Robin
  1631 | D:2      | Reached skill level 5 in Conjurations
  2055 | D:2      | Reached XP level 4. HP: 24/24 MP: 9/11
  2077 | D:2      | Learned a level 4 spell: Fulminant Prism
  2233 | D:2      | Noticed Terence
  2242 | D:2      | Killed Terence
  2994 | D:3      | Found a snail-covered altar of Cheibriados.
  3301 | D:3      | Reached XP level 5. HP: 28/28 MP: 9/13
  3361 | D:3      | Found a faded altar of an unknown god.
  3477 | D:3      | Noticed Jessica
  3480 | D:3      | Killed Jessica
  3481 | D:3      | Reached skill level 1 in Shields
  4247 | D:4      | Identified the +3 long sword of the Puffin {heavy, rN+++}
  4657 | D:4      | Learned a level 3 spell: Mephitic Cloud
  4682 | D:4      | Reached XP level 6. HP: 29/32 MP: 7/14
  5345 | D:5      | Entered Level 5 of the Dungeon
  5419 | D:5      | Reached skill level 5 in Hexes
  5463 | D:5      | Identified the +3 ring mail of the Archfiend {Str+3}
  5809 | D:5      | Reached skill level 5 in Spellcasting
  5809 | D:5      | Reached XP level 7. HP: 31/36 MP: 5/16
  5897 | D:5      | Found a white marble altar of Elyvilon.
  6086 | D:5      | Found a staircase to the Ecumenical Temple.
  6097 | Temple   | Entered the Ecumenical Temple
  6391 | Temple   | Became a worshipper of Sif Muna the Loreminder
  6443 | D:5      | Found a broken altar of Ashenzari.
  6603 | D:6      | Reached skill level 1 in Invocations
  6831 | D:6      | Reached XP level 8. HP: 41/41 MP: 9/18
  7453 | D:6      | Found a glowing silver altar of Zin.
  7530 | D:6      | Learned a level 2 spell: Blink
  7897 | D:6      | Identified the +0 pair of gloves of the Other Side {Str-3
                  | Int+2 Stlth+}
  8559 | D:7      | Reached * piety under Sif Muna
  8674 | D:7      | Found a shimmering altar of Xom.
  8729 | D:7      | Reached XP level 9. HP: 36/45 MP: 8/21
  8887 | D:7      | Reached skill level 1 in Poison Magic
  8953 | D:7      | Learned a level 4 spell: Olgreb's Toxic Radiance
  9761 | D:8      | Reached skill level 5 in Invocations
  9795 | D:8      | Reached ** piety under Sif Muna
  9883 | D:8      | Found a sand-covered staircase.
  9946 | Ossuary  | Entered an ossuary
  9986 | Ossuary  | Reached skill level 5 in Poison Magic
 10250 | Ossuary  | Reached XP level 10. HP: 50/50 MP: 16/24
 10498 | D:8      | Found a sacrificial altar of Ru.
 10977 | D:8      | Found Leseik's Distillery.
 10988 | D:8      | Bought a potion of flight for 45 gold pieces
 10988 | D:8      | Bought a potion of degeneration for 15 gold pieces
 11389 | D:8      | Found an ancient bone altar of Kikubaaqudgha.
 11462 | D:8      | Reached skill level 5 in Shields
 11995 | D:9      | Noticed a two-headed ogre
 12112 | D:9      | Found an iron altar of Okawaru.
 12112 | D:9      | Found an opulent altar of Gozag.
 12195 | D:9      | Reached *** piety under Sif Muna
 12342 | D:9      | Killed a two-headed ogre
 12682 | D:9      | Noticed Erolcha
 12687 | D:9      | Killed Erolcha
 13077 | D:10     | Entered Level 10 of the Dungeon
 13077 | D:10     | Noticed a centaur warrior
 13078 | D:10     | Found a staircase to the Lair.
 13081 | D:10     | Shot with an arrow by a centaur warrior

Illustrated notes

Levels and vault maps discovered:
D:1:      dpeg_arrival_three_smaller_balls, layout_basic, bh_walls_and_bars
D:2:      layout_basic, serial_forest, infiniplex_forest_lined_room_2,
          infiniplex_forest_straight_1, infiniplex_forest_split,
          infiniplex_forest_end_1, infiniplex_forest_zigzag_2,
          infiniplex_forest_lined_2, infiniplex_forest_straight_2,
          infiniplex_forest_zigzag_1, infiniplex_forest_straight_2,
          uniq_terence, uniq_robin
D:3:      layout_loops_ring, kennysheep_slug_shrine,
          dreamdust_ecumenical_altar_grove, uniq_jessica,
          uniq_crazy_yiuf_cottage
D:4:      layout_loops_corners
D:5:      layout_basic, elyvilon_altar_4, ashenzari_altar_1,
          minmay_temple_entry_drinking_statues
D:6:      layout_basic, mainiacjoe_overflow_24_doors, serial_bayou_pond_d
D:7:      layout_rooms, mainiacjoe_overflow_alcove_2, serial_undead,
          serial_undead_e, serial_undead_d, serial_undead_a, serial_undead_d,
          serial_undead_d, serial_undead_e, serial_undead_e, serial_undead_d,
          minmay_crystal_room, serial_bayou_pond_a, kennysheep_generic_room_15
D:8:      cheibrodos_fertilizer, layout_layer_cave, nicolae_ru_awakened_eye,
          lemuel_zombie_altar_kikubaaqudgha, serial_shops, shop,
          nicolae_ossuary_entry_giza
D:9:      layout_loops_ring, nicolae_overflow_two_pavilions,
          minmay_fractal_squares_diagonal_5, uniq_erolcha
D:10:     minmay_chambers_of_sixes, layout_rooms, david_lair_generic
Temple:   compressed_dpeg_triangle_lava_temple

Skill      XL: |  1  2  3  4  5  6  7  8  9 10 |
---------------+-------------------------------+-----
Hexes          | 1 2 3 4 5 7 9 |  9.0
Conjurations   | 5 6 7 |  7.5
Spellcasting   | 4 5 7 8 9 |  9.9
Shields        | 1 2 3 4 5 |  5.7
Invocations    | 1 3 5 6 |  6.9
Poison Magic   | 5 8 |  8.0
Dodging        | |  2.4
Stealth        | |  2.4

Action                   |  1- 3 |  4- 6 |  7- 9 | 10-12 || total
-------------------------+-------+-------+-------+-------++-------
Melee: Short sword       |       |     7 |       |       ||     7
       Dagger            |       |     4 |    11 |     4 ||    19
 Cast: Magic Dart        |    76 |   126 |    71 |     1 ||   274
       Searing Ray       |       |    12 |    46 |     5 ||    63
       Fulminant Prism   |       |       |    37 |    22 ||    59
       Blink             |       |       |     2 |       ||     2
       Mephitic Cloud    |       |       |     1 |     2 ||     3
       Olgreb's Toxic Ra |       |       |       |    22 ||    22
Invok: Channel Magic     |       |       |     1 |       ||     1
  Use: Scroll            |     1 |       |    13 |     1 ||    15
       Potion            |       |       |     9 |       ||     9
Armor: Robe              |     3 |     4 |    16 |     5 ||    28
Dodge: Dodged            |     2 |    11 |    37 |    12 ||    62
Block: Kite shield       |       |    10 |    33 |    15 ||    58

Table legend: (Time is in decaauts)
 A = Elapsed time spent in this place.
 B = Non-inter-level travel time spent in this place.
 C = Inter-level travel time spent in this place.
 D = Time resting spent in this place.
 E = Time spent auto-exploring this place.
 F = Levels seen in this place.
 G = Mean time per level.
                   A        B        C        D        E       F      G
               +--------+--------+--------+--------+--------+-----+--------+
         Total |  13085 |  12785 |    300 |   1182 |   9826 |  12 | 1090.4 |
       Dungeon |  12395 |  12095 |    300 |   1016 |   9453 |  10 | 1239.5 |
        Temple |    300 |    300 |      0 |      0 |    266 |   1 |  300.0 |
       Ossuary |    389 |    389 |      0 |    166 |    107 |   1 |  389.0 |
               +--------+--------+--------+--------+--------+-----+--------+

Top non-repeatable levels by time:
     D:7: 1825 daAuts
     D:8: 1549 daAuts
     D:1: 1492 daAuts
     D:2: 1452 daAuts
     D:6: 1447 daAuts
     D:9: 1398 daAuts
     D:4: 1339 daAuts
     D:3: 1075 daAuts
     D:5: 812 daAuts
 Ossuary: 389 daAuts
  Temple: 300 daAuts
    D:10: 3 daAuts
